 Dungeon Crawl Stone Soup version 0.31.0-9-g3a7656b989 (webtiles) character file.

Game seed: 2528546701810428025

239 qw the Shooter (level 5, -10/24 (26) HPs)
             Began as a Spriggan Hunter on Feb 2, 2024.
             Mangled by Edmund
             ... wielding a +6 flail of draining
              (12 damage)
             ... on level 4 of the Dungeon.
             The game lasted 00:00:09 (2294 turns).

qw the Shooter (Spriggan Hunter)                    Turns: 2294, Time: 00:00:10

HP:   -10/24 (26)   AC:  2    Str:  7    XL:     5   Next: 79%
MP:   6/6           EV: 20    Int: 11    God:
Gold: 229           SH:  0    Dex: 20    Spells: 4/4 levels left

rFire   . . .        a - +0 shortbow
rCold   . . .        (shield currently unavailable)
rNeg    . . .        c - +0 robe
rPois   .            (helmet restricted)
rElec   .            (no cloak)
rCorr   .            (gloves unavailable)
SInv    +            (boots unavailable)
Will    .....        (no amulet)
Stlth   ++           (no ring)
HPRegen 0.24/turn    (no ring)
MPRegen 0.10/turn

%: no passive effects
@: about to teleport, drained, very quick
A: very small, no large weapons, unfitting armour, see invisible, speed 3
a: no special abilities


You were on level 4 of the Dungeon.
You visited 1 branch of the dungeon, and saw 4 of its levels.

You collected 229 gold pieces.


Innate Abilities, Weirdness & Mutations

You are very small and have problems with some larger weapons.
You are too small for most types of armour.
You have supernaturally acute eyesight. (SInv)
You cover ground extremely quickly. (Speed+++)


   Skills:
 - Level 2.0 Fighting
 - Level 6.0 Ranged Weapons
 + Level 5.3 Dodging
 - Level 1.5 Stealth


You had 4 spell levels left.
You didn't know any spells.
Your spell library was empty.

Inventory:

Hand Weapons
 a - a +0 shortbow (weapon)
Armour
 c - a +0 robe (worn)
Jewellery
 e - a ring of ice
Scrolls
 h - a scroll of teleportation
Potions
 g - 3 potions of curing
 i - a potion of mutation
 k - a potion of brilliance {unknown}
 l - a potion of lignification {unknown}

Dungeon Overview and Level Annotations

Branches:
Dungeon (4/15)
 Temple: D:4-7

Altars:
Gozag
Hepliaklqana
Trog

Annotations:
D:2 1 runed translucent door, Crazy Yiuf
D:4 Edmund


Message History

Done exploring.
What level of the Dungeon? (default 3, ? - help)
There is an escape hatch in the floor here.
There is a stone staircase leading down here.
You climb downwards.
Found 5 stones.
There is a stone staircase leading up here.
Waypoint 3 assigned to D:4.
Edmund the Younger comes into view.
He is wielding a +6 flail of draining.
Edmund shouts!
You see here 5 stones.
You shoot an arrow. The arrow closely misses Edmund.
You shoot an arrow.
The arrow hits Edmund but does no damage.
You shoot an arrow. The arrow barely misses Edmund.
You shoot an arrow.
The arrow hits Edmund but does no damage.
Edmund says, "A flail is better than a scythe, any day of the week!"
You shoot an arrow. The arrow hits Edmund.
Edmund is lightly wounded.
You shoot an arrow. The arrow hits Edmund.
Edmund is lightly wounded.
Edmund hits you with a +6 flail of draining!
You feel drained.
You shoot an arrow. The arrow closely misses Edmund.
Edmund completely misses you.
You shoot an arrow. The arrow closely misses Edmund.
Edmund hits you with a +6 flail of draining!
Ouch! That really hurt!
You feel drained. Edmund completely misses you.
2293 ||| READING 2 scrolls of teleportation.
As you read the scroll of teleportation, it crumbles to dust.
You feel strangely unstable. Edmund barely misses you.
You shoot an arrow. The arrow hits Edmund.
Edmund is lightly wounded.
Edmund hits you with a +6 flail of draining!
Ouch! That really hurt!
You die...
Edmund says, "That'll show my brother!"

#... .... ...
## .. .#
.####.##.#
.........######
...............
......@@##
......#<.#
##### ##.# #.#
#.# #.# #.. ...
###


You could see Edmund.

Vanquished Creatures
  Terence (D:2)
  Natasha (thrice) (D:2)
  6 adders
  A dart slug (D:1)
  4 ribbon worms
  7 ball pythons
  7 bats
  5 endoplasms
  6 goblins
  7 hobgoblins
  7 jackals
  2 quokkas
  3 frilled lizards
  10 kobolds
  6 rats
75 creatures vanquished.

Notes
Turn   | Place    | Note
-------+----------+-------------------------------------------
     0 | D:1      | qw the Spriggan Hunter began the quest for the Orb.
     0 | D:1      | Reached XP level 1. HP: 10/10 MP: 2/2
     0 | D:1      | 0 ||| qw: Version: 0.3-a-155-g5e7d8dd
     0 | D:1      | 0 ||| qw: Game counter: 1248
     0 | D:1      | 0 ||| qw: Melee chars always use a shield: true
     0 | D:1      | 0 ||| qw: God list: Okawaru
     0 | D:1      | 0 ||| qw: Allow faded altars: false
     0 | D:1      | 0 ||| qw: Do Orc after clearing Dungeon:15 true
     0 | D:1      | 0 ||| qw: Do second Lair branch before Depths: true
     0 | D:1      | 0 ||| qw: Lair rune preference: random
     0 | D:1      | 0 ||| qw: Goals: Normal
     0 | D:1      | 0 ||| PLANNING D:1-11
    88 | D:1      | Reached skill level 3 in Dodging
   157 | D:1      | Reached XP level 2. HP: 14/14 MP: 3/3
   409 | D:1      | Reached XP level 3. HP: 18/18 MP: 4/4
   596 | D:1      | 596 ||| READING scroll labelled TUFU GUETISK.
   597 | D:1      | 597 ||| READING scroll labelled DACZOI KAQEGINI.
   598 | D:1      | 598 ||| READING 2 scrolls labelled GIOCSO PISI.
   602 | D:1      | 602 ||| READING scroll labelled VYROON XAAM.
   603 | D:1      | 603 ||| DROPPING scroll of butterflies.
   608 | D:2      | Noticed Natasha
   611 | D:2      | 611 ||| STAIRDANCE
   640 | D:2      | 640 ||| STAIRDANCE
   652 | D:2      | 652 ||| STAIRDANCE
   694 | D:2      | 694 ||| STAIRDANCE
   718 | D:2      | Killed Natasha
   719 | D:2      | Reached skill level 5 in Ranged Weapons
   719 | D:2      | Reached XP level 4. HP: 22/22 MP: 5/5
   813 | D:2      | Noticed Natasha
   816 | D:2      | Killed Natasha
   872 | D:2      | Reached XP level 5. HP: 26/26 MP: 6/6
  1065 | D:2      | Noticed Terence
  1072 | D:2      | Killed Terence
  1112 | D:2      | Found a runed translucent door.
  1113 | D:2      | Noticed Crazy Yiuf
  1256 | D:2      | Found a hazy altar of Hepliaklqana.
  1310 | D:2      | Noticed Natasha
  1314 | D:2      | Killed Natasha
  1358 | D:2      | 1358 ||| READING scroll labelled LESKUO FEJAUR.
  1358 | D:2      | 1358 ||| IDENTIFYING murky blue potion
  1641 | D:3      | Identified the +4 dagger "Kokk" {distort, Int+4}
  1909 | D:3      | Reached skill level 6 in Ranged Weapons
  1995 | D:3      | Found a bloodstained altar of Trog.
  2009 | D:3      | Found an opulent altar of Gozag.
  2149 | D:3      | 2149 ||| READING 2 scrolls of identify.
  2149 | D:3      | 2149 ||| IDENTIFYING viscous black potion
  2150 | D:3      | 2150 ||| READING scroll of identify.
  2150 | D:3      | 2150 ||| IDENTIFYING pink potion
  2151 | D:3      | 2151 ||| READING 3 scrolls labelled SUWU XUASIUPLU.
  2252 | D:3      | 2252 ||| READING scroll labelled CERAVU YLIR.
  2253 | D:3      | 2253 ||| DROPPING 2 scrolls of silence.
  2254 | D:3      | 2254 ||| DROPPING potion of degeneration.
  2284 | D:4      | Noticed Edmund
  2292 | D:4      | HP: 4/25 [Edmund/+6 flail of draining (13)]
  2293 | D:4      | 2293 ||| READING 2 scrolls of teleportation.
  2294 | D:4      | Mangled by Edmund

Levels and vault maps discovered:
D:1:      roderic_chinese_lattice_arrival, layout_basic,
          chequers_serial_rivers_room_b
D:2:      layout_basic, basic_altar, uniq_terence, uniq_crazy_yiuf_cottage,
          uniq_natasha
D:3:      layout_basic, mainiacjoe_overflow_big_doors
D:4:      layout_basic, uniq_ijyb, uniq_duvessa, uniq_edmund

Skill      XL: |  1  2  3  4  5 |
---------------+----------------+-----
Dodging        | 3 4 5 |  5.3
Ranged Weapons | 5 6 |  6.0
Fighting       | 2 |  2.0
Stealth        | |  1.5

Action                     |  1- 3 |  4- 6 || total
---------------------------+-------+-------++-------
   Fire: Shortbow          |    84 |   136 ||   220
    Use: Scroll            |     4 |     6 ||    10
 Armour: Robe              |    12 |     9 ||    21
  Dodge: Dodged            |    31 |    47 ||    78

Table legend:
 A = Non-vault XP
 B = Vault XP
 C = Vault XP percentage of total XP
 D = Non-vault monster count
 E = Vault monster count
 F = Vault count percentage of total count
                 A         B        C        D         E       F
            +---------+---------+-------+---------+---------+-------
      Total |     268 |      74 |  21.6 |      73 |       2 |   2.7
            +---------+---------+-------+---------+---------+-------
        D:1 |      60 |       0 |   0.0 |      28 |       0 |   0.0
        D:2 |     150 |      74 |  33.0 |      24 |       2 |   7.7
        D:3 |      58 |       0 |   0.0 |      21 |       0 |   0.0
            +---------+---------+-------+---------+---------+-------
